 Dungeon Crawl Stone Soup version 0.30.1 (webtiles) character file.

Game seed: 16754212307299999996

1262 booth the Sneak (level 8, -4/57 HPs)
             Began as a Black Draconian Earth Elementalist on July 7, 2023.
             Was an Initiate of Vehumet.
             Slain by Maggie
             ... wielding a +3 glaive of flaming
              (5 damage)
             ... on level 6 of the Dungeon on July 8, 2023.
             The game lasted 00:44:01 (6041 turns).

booth the Sneak (DrEE)                              Turns: 6041, Time: 00:44:02

Health: -4/57      AC:  7    Str: 16    XL:     8   Next: 27%
Magic:  0/12       EV: 12    Int: 16    God:    Vehumet [......]
Gold:   284        SH:  0    Dex: 10    Spells: 2/14 levels left

rFire   . . .        j - staff of earth
rCold   . . .        (no shield)
rNeg    . . .        (body armour unavailable)
rPois   +            (helmet restricted)
rElec   +            (no cloak)
rCorr   .            k - +0 pair of gloves
SInv    +            (no boots)
Will    .....        s - amulet of guardian spirit
Stlth   ++           g - ring of poison resistance
HPRegen 0.29/turn    c - ring of see invisible
MPRegen 0.13/turn

%: guardian spirit
@: mesmerised
A: breathe lightning, AC +6, unfitting armour, electricity resistance,
cold-blooded, low MP 1, strong 1
a: Breathe Lightning, Renounce Religion


You were on level 6 of the Dungeon.
You worshipped Vehumet.
Vehumet was noncommittal.
You visited 2 branches of the dungeon, and saw 8 of its levels.

You collected 284 gold pieces.

Inventory:

Hand Weapons
 i - a +1 dagger of venom
 o - a +0 quarterstaff
Missiles
 b - 4 boomerangs (quivered)
 f - 7 javelins
 h - 6 curare-tipped darts
Armour
 k - a +0 pair of gloves (worn)
Magical Staves
 j - a staff of earth (weapon)
Jewellery
 c - a ring of see invisible (right hand)
 g - a ring of poison resistance (left hand)
 l - an amulet of the acrobat
 n - a ring of flight
 s - an amulet of guardian spirit (around neck)
Wands
 t - a wand of light (7)
Scrolls
 d - a scroll of magic mapping
 p - a scroll of teleportation
 q - 3 scrolls of torment {unknown}
Potions
 m - a potion of resistance


   Skills:
 + Level 3.0 Staves
 + Level 3.6 Dodging
 + Level 4.1 Stealth
 + Level 3.9 Spellcasting
 + Level 2.9 Conjurations
 + Level 3.7 Transmutations
 + Level 2.5 Air Magic
 + Level 4.0 Earth Magic


You had 2 spell levels left.
You knew the following spells:

 Your Spells              Type           Power      Damage    Failure   Level
a - Sandblast             Erth           48%        2d12      3%          1
b - Passwall              Tmut/Erth      19%        N/A       5%          2
c - Stone Arrow           Conj/Erth      42%        3d9       12%         3
d - Petrify               Tmut/Erth      23%        N/A       34%         4
e - Searing Ray           Conj           24%        2d5       8%          2

Your spell library contained the following spells:

 Spells                   Type           Power      Damage    Failure   Level
 Magic Dart               Conj           48%        1d5       4%          1
 Freeze                   Ice            12%        1d3       17%         1
 Hailstorm                Conj/Ice       7%         3d4       28%         3
 Frozen Ramparts          Ice            6%         1d1       45%         3
 Fulminant Prism          Conj/Hex       3%         3d5       67%         4


Dungeon Overview and Level Annotations

Branches:
Dungeon (7/15)             Temple (1/1) D:4

Altars:
Ashenzari
Cheibriados
Dithmenos
Elyvilon
Fedhas
Gozag
Kikubaaqudgha
Makhleb
Nemelex Xobeh
Okawaru
Qazlal
Ru
Uskayaw
Vehumet
Wu Jian
Xom
Yredelemnul
Zin
The Shining One

Shops:
D:5 [

Annotations:
D:6 Maggie


Innate Abilities, Weirdness & Mutations

You can breathe wild blasts of lightning.
Your glossy black scales are hard. (AC +6)
You cannot fit into any form of body armour.
You are resistant to electric shocks. (rElec)
You are cold-blooded and may be slowed by cold attacks.
Your magical capacity is low. (-10% MP)
Your muscles are strong. (Str +4, Int/Dex -1)


Message History

Maggie burns you.
* * * LOW HITPOINT WARNING * * *
Casting: Sandblast (safe; 3% risk of failure)
Confirm with . or Enter, or press ? or * to list all spells.
Aiming: Sandblast (safe; 3% risk of failure)
Press: ? - help, Shift-Dir - straight line, f/p - Maggie
Aim: Maggie, wielding a +3 glaive of flaming and wearing +0 steam dragon scales (severely wounded, mesmerising, poisoned, 83% to hit)
You feel a surge of power!
The blast of sand hits Maggie.
Maggie is severely wounded.
Maggie barely misses you.
Casting: Sandblast (safe; 3% risk of failure)
Confirm with . or Enter, or press ? or * to list all spells.
Aiming: Sandblast (safe; 3% risk of failure)
Press: ? - help, Shift-Dir - straight line, f/p - Maggie
Aim: Maggie, wielding a +3 glaive of flaming and wearing +0 steam dragon scales (severely wounded, mesmerising, poisoned, 83% to hit)
You feel a surge of power!
The blast of sand hits Maggie but does no damage.
Maggie is severely wounded.
Maggie casts a spell at you. The bolt of fire misses you.
Maggie closely misses you.
Casting: Sandblast (safe; 3% risk of failure)
Confirm with . or Enter, or press ? or * to list all spells.
Aiming: Passwall (safe; 5% risk of failure)
Press: ? - help, Dir - move target, f - you, p - Maggie Please select a wall.
A stone staircase leading down, spattered with blood.
Okay, then.
Casting: Passwall (safe; 5% risk of failure)
Confirm with . or Enter, or press ? or * to list all spells.
Aiming: Stone Arrow (dangerous; 12% risk of failure)
Press: ? - help, Shift-Dir - straight line, f/p - Maggie
Aim: Maggie, wielding a +3 glaive of flaming and wearing +0 steam dragon scales (severely wounded, mesmerising, poisoned, 71% to hit)
You feel a surge of power!
The stone arrow hits Maggie!
Maggie is almost dead.
Maggie gestures at you while chanting. The bolt of fire misses you.
Maggie hits you with a +3 glaive of flaming!
* * * LOW HITPOINT WARNING * * *
Maggie burns you.
You die...

.....##....#
.....#####.##
..... #..## ....
##..## ...
##..#### ...
######....#
...###...#####.#
..<.#.....####.#
......(....@@>#
.##........#####
...........#
.##.......##
...........#
.###.......#
#....O..#
#....@.##
#.....##


You could see Maggie (mesmerising, poisoned).

Vanquished Creatures
  3 yaks (D:5)
  An orc warrior (D:6)
  An ice beast (D:5)
  2 ogres
  A centaur (D:6)
  A scorpion (D:5)
  A hound (D:5)
  2 orc priests
  2 iguanas (D:4)
  2 orc wizards (D:6)
  A gnoll (D:1)
  3 adders
  A shadow imp (D:5)
  An ufetubus (D:6)
  A dart slug (D:3)
  18 orcs
  11 ball pythons
  3 bats
  7 endoplasms
  3 giant cockroaches
  7 goblins
  4 hobgoblins
  8 jackals
  8 kobolds
  2 quokkas
  5 frilled lizards
  5 rats
104 creatures vanquished.

Notes
Turn   | Place    | Note
-------+----------+-------------------------------------------
     0 | D:1      | booth the Draconian Earth Elementalist began the quest for
                  | the Orb.
     0 | D:1      | Reached XP level 1. HP: 14/14 MP: 3/3
   195 | D:1      | Reached XP level 2. HP: 20/20 MP: 1/5
   240 | D:1      | Learned a level 2 spell: Passwall
   609 | D:1      | Reached XP level 3. HP: 26/26 MP: 4/6
   702 | D:1      | Learned a level 3 spell: Stone Arrow
  1198 | D:1      | Gained mutation: You have sharp toenails. [potion of
                  | mutation]
  1198 | D:1      | Gained mutation: Your magical capacity is low. (-10% MP)
                  | [potion of mutation]
  1198 | D:1      | Gained mutation: Your muscles are strong. (Str +4, Int/Dex
                  | -1) [potion of mutation]
  1662 | D:2      | Reached XP level 4. HP: 33/33 MP: 5/7
  1772 | D:2      | Lost mutation: Your muscles are strong. (Str +4, Int/Dex
                  | -1) [potion of mutation]
  1772 | D:2      | Lost mutation: Your magical capacity is low. (-10% MP)
                  | [potion of mutation]
  1772 | D:2      | Lost mutation: You have sharp toenails. [potion of
                  | mutation]
  1772 | D:2      | Gained mutation: Your magical capacity is low. (-10% MP)
                  | [potion of mutation]
  1772 | D:2      | Gained mutation: Your muscles are strong. (Str +4, Int/Dex
                  | -1) [potion of mutation]
  2339 | D:3      | Found a glowing silver altar of Zin.
  2339 | D:3      | Found a burning altar of Makhleb.
  2340 | D:3      | Noticed an Executioner
  2340 | D:3      | Noticed an angel
  3331 | D:4      | Found a staircase to the Ecumenical Temple.
  3344 | Temple   | Entered the Ecumenical Temple
  3344 | Temple   | Found a transporter.
  3344 | Temple   | Found a transporter.
  3346 | Temple   | Found a transporter.
  3346 | Temple   | Found a transporter.
  3499 | D:4      | Found a sparkling altar of Nemelex Xobeh.
  3673 | D:4      | Reached XP level 5. HP: 17/38 MP: 6/8
  3676 | D:4      | Reached skill level 1 in Staves
  4208 | D:5      | Entered Level 5 of the Dungeon
  4379 | D:5      | Found a radiant altar of Vehumet.
  4387 | D:5      | Became a worshipper of Vehumet
  4391 | D:5      | Found a shadowy altar of Dithmenos.
  4391 | D:5      | Found a basalt altar of Yredelemnul.
  4438 | D:5      | Found Utsibrug's Antique Armour Shop.
  4485 | D:5      | Reached skill level 1 in Conjurations
  4485 | D:5      | Reached XP level 6. HP: 45/45 MP: 4/9
  4630 | D:5      | Learned a level 4 spell: Petrify
  4667 | D:5      | Noticed an ice beast
  4677 | D:5      | Killed an ice beast
  4749 | D:5      | Noticed a yak
  5036 | D:5      | Your scales start taking on a glossy black colour.
  5036 | D:5      | Reached XP level 7. HP: 49/50 MP: 1/10
  5036 | D:5      | Gained mutation: You are resistant to electric shocks.
                  | (rElec) [Black Draconian growth]
  5296 | D:5      | Noticed a yak
  5309 | D:5      | Killed a yak
  5310 | D:5      | Noticed a yak
  5315 | D:5      | HP: 1/50 [yak (2)]
  5318 | D:5      | Killed a yak
  5319 | D:5      | Reached skill level 1 in Air Magic
  5320 | D:5      | Killed a yak
  5611 | D:6      | Reached XP level 8. HP: 40/57 MP: 6/12
  5617 | D:6      | Learned a level 2 spell: Searing Ray
  6009 | D:6      | Noticed Maggie
  6041 | D:6      | HP: 1/57 [Maggie/+3 glaive of flaming (9)]
  6041 | D:6      | Slain by Maggie

Illustrated notes

Levels and vault maps discovered:
D:1:      lemuel_arrival_muddy, layout_basic, hangedman_decor_clover_reticule
D:2:      layout_basic
D:3:      layout_loops_corners, grunt_temple_overflow_order_and_chaos_2
D:4:      layout_loops_ring, nemelex_diamond_rough_becter,
          minmay_temple_entry_drinking_statues, serial_bayou_lake_a
D:5:      layout_cave_pools, minitemple, serial_shops,
          nicolae_shop_back_alley_shop
D:6:      minmay_spotlight, layout_rooms, uniq_menkaure, uniq_maggie
D:7:      layout_basic, mainiacjoe_overflow_large_starburst, serial_shops,
          kennysheep_mini_moat, minivault_26, nrook_campfire, minmay_shop_chei,
          uniq_joseph, uniq_duvessa
Temple:   hellmonk_temple_divided_pantheon

Skill      XL: |  1  2  3  4  5  6  7  8 |
---------------+-------------------------+-----
Stealth        | 2 3 4 |  4.1
Dodging        | 2 3 |  3.6
Transmutations | 2 3 |  3.7
Staves         | 1 2 3 |  3.0
Spellcasting   | 3 |  3.9
Conjurations   | 1 2 |  2.9
Earth Magic    | 3 4 |  4.0
Air Magic      | 2 |  2.5

Action                     |  1- 3 |  4- 6 |  7- 9 || total
---------------------------+-------+-------+-------++-------
  Melee: Dagger            |    39 |       |       ||    39
         Tailslap          |     3 |     1 |     1 ||     5
         Kick              |     7 |     2 |       ||     9
         Staff             |     1 |    20 |     9 ||    30
  Throw: Dart              |       |     5 |     5 ||    10
         Javelin           |       |     2 |     7 ||     9
         Boomerang         |       |       |     1 ||     1
   Cast: Sandblast         |    48 |    71 |    39 ||   158
         Stone Arrow       |     1 |     2 |     6 ||     9
         Passwall          |       |     1 |       ||     1
Ability: Breathe Lightning |       |       |     1 ||     1
  Evoke: Wand              |       |       |     2 ||     2
    Use: Scroll            |     3 |     6 |     1 ||    10
         Potion            |     2 |     3 |     3 ||     8
   Stab: Sleeping          |       |     1 |       ||     1
 Armour: Skin              |    14 |    13 |     9 ||    36
  Dodge: Dodged            |    29 |    29 |    28 ||    86
